 Dungeon Crawl Stone Soup version 0.31-a0-920-g28cbb04a8c (webtiles) character file.

Game seed: 3345380643343591633

1 Azuregosa the Sneak (level 1, 0/16 HPs)
             Began as an Octopode Delver on Oct 17, 2023.
             Succumbed to an adder's poison
             ... on level 4 of the Dungeon.
             The game lasted 00:01:11 (42 turns).

Azuregosa the Sneak (Octopode Delver)                 Turns: 42, Time: 00:01:12

Health: 0/16       AC:  1    Str: 11    XL:     1   Next: 20%
Magic:  1/1        EV: 13    Int: 12    God:
Gold:   0          SH:  0    Dex: 13    Spells: 0/0 levels left

rFire   . . .        a - +0 falchion
rCold   . . .        (no shield)
rNeg    . . .        (helmet restricted)
rPois   .            (no amulet)
rElec   .            (no ring)
rCorr   .            (no ring)
SInv    .            (no ring)
Will    .....        (no ring)
Stlth   ++++         (no ring)
HPRegen 0.22/turn    (no ring)
MPRegen 0.07/turn    (no ring)
                     (no ring)

%: no passive effects
@: lethally poisoned (0 -> -3)
A: almost no armour, amphibious, 8 rings, camouflage 1, gelatinous body 1,
(nimble swimmer 1), tentacles
a: no special abilities


You were on level 4 of the Dungeon.
You visited 1 branch of the dungeon, and saw 3 of its levels.

Inventory:

Hand Weapons
 a - a +0 falchion (weapon)
Missiles
 g - 6 stones
Wands
 f - a wand of digging (3)
Scrolls
 b - a scroll of fog
 h - a scroll of identify {unknown}
Potions
 e - a potion of haste


   Skills:
 - Level 3.0 Fighting
 - Level 2.0 Long Blades
 - Level 2.0 Dodging
 + Level 6.7 Stealth


You couldn't memorise any spells.
You didn't know any spells.
Your spell library was empty.

Dungeon Overview and Level Annotations

Branches:
Dungeon (6/15)             Temple (0/1) D:4

Altars:


Innate Abilities, Weirdness & Mutations

You cannot wear most types of armour.
You are amphibious.
You can wear up to eight rings at the same time.
Your skin changes colour to match your surroundings (Stealth+).
Your rubbery body absorbs attacks. (AC +1, EV +1)
((You are camouflaged when in or above water. (Stealth+)))
You have tentacles for arms and can constrict up to eight enemies at once.


Message History

You climb upwards.
You hear the sound of rushing water.
There is an entrance to a sewer on this level.
Hurry and find it before the portal rusts away!
The ball python hisses angrily.
The orc shouts!
You hear a shout!
Found a staircase to the Ecumenical Temple.
There is a stone staircase leading down here.
As you read the scroll of revelation, it crumbles to dust.
You feel aware of your surroundings.
You sensed 1 shop/portal.
Found a stone staircase leading up.
The ball python barely misses you. The ball python grabs you.
The ball python constricts you.
You escape the ball python's grasp.
You closely miss the ball python.
The jackal barks!
You grab the ball python. You squeeze the ball python.
You kill the ball python!
You closely miss the adder. Your grab misses the adder.
Your squeeze misses the adder.
The adder bites you but does no damage. x2
The orc hits you with a +0 dagger.
You hit the adder. Your grab misses the adder. Your squeeze misses the adder.
The adder is heavily wounded.
The adder misses you. The orc misses you.
You barely miss the adder. You grab the adder.
The adder is heavily wounded.
You constrict the adder. The jackal bites you. The adder bites you.
You are poisoned.
The adder poisons you! The jackal closely misses you.
The orc hits you with a +0 dagger. The adder bites you.
* * * LOW HITPOINT WARNING * * *
As you read the scroll of fear, it crumbles to dust.
You assume a fearsome visage.
The hound looks frightened!
The hound barks!
The jackal looks frightened! x2; The adder looks frightened!
The orc looks frightened!
The goblin looks frightened!
You constrict the adder.
* * * LOW HITPOINT WARNING * * *
You feel sick.
The adder escapes!
Found 13 gold pieces.
* * * LOW HITPOINT WARNING * * *
You feel sick.
You die...

,,,,,,,,,,,,,,,,,,,,***
,,,,,,,,,...........#
,,***,,,,....$......##
,,,**###.............##
,,***#.#..............#*
,,,,,.................,*
*,,,,.#.............#,**
**,,,.......o.....###**
***,,...⌠.......@####
**,,*#......#.....###
**,,*.⌠.>.⌠g>.......#**
...........#..........#*
#.#.....⌠..#S...##.....#
..#........h...........#
....>..g...h..#...###.##
.h.......<..h....######
#..hhh........##..###


You could see an adder (fleeing), an orc (fleeing), 3 jackals and a goblin
(fleeing).

Vanquished Creatures
  A ball python (D:4)
1 creature vanquished.

Notes
Turn   | Place    | Note
-------+----------+-------------------------------------------
     0 | D:5      | Azuregosa the Octopode Delver began the quest for the Orb.
     0 | D:5      | Reached XP level 1. HP: 16/16 MP: 1/1
     1 | D:6      | Noticed an ogre
    12 | D:5      | Noticed an iguana
    21 | D:4      | Noticed a hound
    21 | D:4      | Noticed a phantom
    24 | D:5      | Noticed a black bear
    31 | D:4      | Found a staircase to the Ecumenical Temple.
    42 | D:4      | Succumbed to an adder's poison

Illustrated notes

Levels and vault maps discovered:
D:4:      layout_cave_pools, temple_fountains, cheibrodos_sewer_entry_drain,
          minivault_25, minmay_bisected
D:5:      layout_cave_pools, serial_shops, nicolae_shop_back_alley_shop,
          kennysheep_generic_room_2
D:6:      layout_basic, biasface_ghost_orc_armoury, uniq_duvessa

Action                     || total
---------------------------++-------
  Melee: Falchion          ||     4
         Constrict         ||     2
         Tentacles         ||     1
    Use: Scroll            ||     2
 Armour: Skin              ||     7
  Dodge: Dodged            ||     4

Table legend: (Time is in decaauts)
 A = Elapsed time spent in this place.
 B = Non-inter-level travel time spent in this place.
 C = Inter-level travel time spent in this place.
 D = Time resting spent in this place.
 E = Time spent auto-exploring this place.
 F = Levels seen in this place.
 G = Mean time per level.
                   A        B        C        D        E       F      G
               +--------+--------+--------+--------+--------+-----+--------+
         Total |     43 |     43 |      0 |      0 |      0 |   3 |   14.3 |
       Dungeon |     43 |     43 |      0 |      0 |      0 |   3 |   14.3 |
               +--------+--------+--------+--------+--------+-----+--------+

Top non-repeatable levels by time:
     D:5: 28 daAuts
     D:4: 13 daAuts
     D:6: 1 daAuts
